 Dungeon Crawl Stone Soup version 0.19-a0-1007-g133f65f (webtiles) character file.

5131 Implojin the Blocker (level 10, -5/88 HPs)
             Began as a Minotaur Fighter on July 20, 2016.
             Was an Elder of Okawaru.
             Killed by an exploding fulminant prism (31 damage)
             ... created by Thraspic's ghost
             ... on level 11 of the Dungeon.
             The game lasted 00:17:31 (1497 turns).

Implojin the Blocker (Minotaur Fighter)             Turns: 1497, Time: 00:17:32

Health: -5/88      AC: 16    Str: 25    XL:     10   Next: 33%
Magic:  9/11       EV: 15    Int:  5    God:    Okawaru [****..]
Gold:   51         SH: 14    Dex: 14    Spells: 0 memorised, 9 levels left

rFire  . . .     SeeInvis .     a - +0 long sword
rCold  . . .     Gourm    .     m - +0 plate armour
rNeg   + . .     Faith    .     c - +0 shield
rPois  .         Spirit   .     (helmet restricted)
rElec  .         Dismiss  .     (no cloak)
rCorr  .         Reflect  .     (no gloves)
SustAt .         Harm     .     e - +1 pair of boots
MR     .....                    (no amulet)
Stlth  ..........               (no ring)
                                u - ring of positive energy

@: mighty, heroism, not resistant to hostile enchantments, extremely unstealthy
A: retaliatory headbutt, horns 2
a: Heroism, Renounce Religion


You were on level 11 of the Dungeon.
You worshipped Okawaru.
Okawaru was greatly pleased with you.
You were not hungry.

You visited 2 branches of the dungeon, and saw 12 of its levels.

You collected 102 gold pieces.
You spent 51 gold pieces at shops.

Inventory:

Hand Weapons
 a - a +0 long sword (weapon)
 d - a +1 vampiric rapier
 g - a +0 blowgun
 h - a +6 flail of protection
 v - a +0 war axe of chopping
Missiles
 p - 5 curare-tipped needles
 x - 6 needles of confusion
 D - 5 tomahawks (quivered)
Armour
 b - a +0 scale mail
 c - a +0 shield (worn)
 e - a +1 pair of boots (worn)
 j - a troll hide
 m - a +0 plate armour (worn)
 q - a +0 ring mail
Jewellery
 u - a ring of positive energy (left hand)
 B - an uncursed ring of teleportation
Wands
 k - a wand of flame (16/48)
 s - a wand of iceblast (9/15)
 z - a wand of lightning (8/15)
Potions
 l - a potion of magic
 n - a potion of flight {unknown}
 o - a potion of brilliance {unknown}
 w - 2 potions of curing
 A - a potion of cure mutation {unknown}
 C - a potion of lignification
 F - 2 potions of cancellation
Comestibles
 f - 2 bread rations
 i - a meat ration
 r - a royal jelly
 E - 3 chunks of flesh


   Skills:
 - Level 8.2(13.2) Fighting
 - Level 8.3(13.3) Long Blades
 - Level 3.6(8.6) Armour
 * Level 9.7(14.7) Dodging
 - Level 10.1(15.1) Shields
 - Level 3.1 Invocations


You had 9 spell levels left.
You didn't know any spells.

Dungeon Overview and Level Annotations

Branches:
Dungeon (11/15)            Temple (1/1) D:4
   Lair: D:8-11         Orc: D:9-12

Altars:
Gozag
Makhleb
Okawaru
Pakellas
Trog
Vehumet

Shops:
D:4 [   D:11 ?

Annotations:
D:3 towersofbeng's ghost, amateur DrCj
D:11 Thraspic's ghost, journeyman DECj


Innate Abilities, Weirdness & Mutations

You reflexively headbutt those who attack you in melee.
You have a pair of horns on your head.


Message History

* * * LOW HITPOINT WARNING * * *
You are confused.
The battlesphere fires!
The barrage of energy hits you!
Unknown command.
The jackal bites you but does no damage.
The centaur shoots an arrow.
The arrow hits you.
* * * LOW HITPOINT WARNING * * *
Thraspic's ghost gestures wildly while chanting.
Thraspic's ghost puts on a burst of speed!
You see here an arrow.
You bump into the rock wall.
The jackal misses you.
The centaur shoots an arrow.
The arrow hits you.
* * * LOW HITPOINT WARNING * * *
The jackal barely misses you.
Unknown command.
You're too confused!
You feel better.
The centaur shoots an arrow.
The arrow hits you.
* * * LOW HITPOINT WARNING * * *
You block the jackal's attack.
Thraspic's ghost casts a spell next to you.
Thraspic's ghost conjures a prism of explosive energy!
A fulminant prism comes into view.
Unknown command.
You aren't carrying any spellbooks or scrolls.
Okay, then.
The centaur unwields an uncursed shortbow.
You block the centaur's attack. You block the jackal's attack.
The fulminant prism crackles loudly.
Unknown command.
Unknown command.
You feel very mighty all of a sudden.
The centaur hits you but does no damage.
You block Thraspic's ghost's attack. You block the jackal's attack.
The centaur hits you but does no damage.
The fulminant prism explodes!
The blast of energy engulfs the jackal.
The jackal dies!
The blast of energy engulfs Thraspic's ghost.
The blast of energy engulfs you!
You die...

.# ### #.# .. #.#
#.##.#####.
#.........#
#*......[.#
#.........#
#######W.#######
#....†((@c......
#.##############
#######..#########<#
.........h†.∩..)÷..#
########.#.....##†.#
####.....[.##..#
#..........##..#
#.####.#'####..# #
#.#....#..#


You could see a centaur, a battlesphere and Thraspic's ghost.

Vanquished Creatures
  2 hill giants (D:11)
  An ugly thing (D:11)
  2 trolls
  A spriggan (D:8)
  6 yaks (D:10)
  2 hippogriffs (D:11)
  A hungry ghost (D:11)
  Edmund (D:5)
  Duvessa (D:5)
  2 sky beasts
  2 orc warriors
  An ogre (D:8)
  3 centaurs
  A big kobold (D:8)
  Dowan (D:5)
  A wyvern skeleton (D:11)
  2 scorpions (D:10)
  4 howler monkeys (D:8)
  A crimson imp (D:8)
  3 hounds
  2 orc priests (D:10)
  2 orc wizards (D:9)
  A giant frog skeleton (D:8)
  5 worker ants
  A hound skeleton (D:11)
  7 gnolls
  5 adders
  2 shadow imps
  A worm (D:2)
  A giant gecko (D:8)
  19 orcs
  A giant cockroach (D:3)
  2 goblins (D:2)
  4 hobgoblins
  14 jackals
  3 kobolds
  2 quokkas
  A bat (D:2)
  A giant newt (D:3)
  A jackal skeleton (D:8)
  A quokka zombie (D:10)
  A rat (D:2)
115 creatures vanquished.

Vanquished Creatures (others)
  A jackal (D:11)
1 creature vanquished.

Grand Total: 116 creatures vanquished

Notes
Turn   | Place    | Note
-------+----------+-------------------------------------------
     0 | D:1      | Implojin the Minotaur Fighter began the quest for the Orb.
     0 | D:1      | Reached XP level 1. HP: 19/19 MP: 0/0
    53 | D:2      | Reached skill level 3 in Long Blades
    62 | D:2      | Reached XP level 2. HP: 12/26 MP: 1/1
    98 | D:3      | Noticed towersofbeng's ghost (amateur DrCj)
   172 | D:3      | Reached skill level 4 in Long Blades
   203 | D:3      | Reached XP level 3. HP: 11/31 MP: 2/2
   206 | D:4      | Found Jonlulof's Armour Shoppe.
   206 | D:4      | Found a staircase to the Ecumenical Temple.
   214 | Temple   | Entered the Ecumenical Temple
   225 | Temple   | Became a worshipper of Warmaster Okawaru
   288 | D:4      | Reached skill level 5 in Long Blades
   310 | D:4      | Reached XP level 4. HP: 19/39 MP: 3/3
   312 | D:5      | Entered Level 5 of the Dungeon
   325 | D:5      | Noticed Dowan
   327 | D:5      | Noticed Duvessa
   333 | D:5      | Killed Duvessa
   333 | D:5      | Reached skill level 6 in Long Blades
   333 | D:5      | Reached XP level 5. HP: 21/45 MP: 4/4
   338 | D:5      | Killed Dowan
   338 | D:5      | Reached skill level 7 in Long Blades
   398 | D:5      | Found a burning altar of Makhleb.
   416 | D:5      | Reached * piety under Okawaru
   444 | D:5      | Noticed Edmund
   474 | D:5      | Killed Edmund
   474 | D:5      | Reached skill level 8 in Long Blades
   474 | D:5      | Reached XP level 6. HP: 22/51 MP: 1/5
   530 | D:5      | Reached skill level 4 in Fighting
   543 | D:6      | Reached skill level 5 in Fighting
   594 | D:6      | Reached XP level 7. HP: 21/61 MP: 3/6
   695 | D:8      | Found a bloodstained altar of Trog.
   705 | D:8      | Reached skill level 6 in Fighting
   751 | D:9      | Noticed a troll
   763 | D:8      | Reached skill level 7 in Fighting
   896 | D:8      | Reached ** piety under Okawaru
   896 | D:8      | Reached skill level 8 in Fighting
   899 | D:8      | Noticed a spriggan baker
   909 | D:8      | Reached skill level 1 in Invocations
   924 | D:8      | Killed a spriggan baker
   924 | D:8      | Reached skill level 3 in Invocations
   924 | D:8      | Reached XP level 8. HP: 27/74 MP: 2/9
   938 | D:8      | Reached skill level 4 in Shields
   998 | D:8      | Reached skill level 5 in Shields
  1143 | D:9      | Reached skill level 6 in Shields
  1170 | D:9      | Reached skill level 7 in Shields
  1191 | D:10     | Entered Level 10 of the Dungeon
  1206 | D:10     | Noticed a troll
  1220 | D:10     | Killed a troll
  1220 | D:10     | Reached *** piety under Okawaru
  1220 | D:10     | Reached skill level 8 in Shields
  1229 | D:10     | Reached XP level 9. HP: 39/81 MP: 8/10
  1236 | D:10     | Reached skill level 9 in Shields
  1245 | D:10     | Reached skill level 10 in Shields
  1252 | D:10     | Reached skill level 1 in Dodging
  1258 | D:10     | Reached skill level 2 in Dodging
  1264 | D:10     | Reached skill level 3 in Dodging
  1270 | D:10     | Reached **** piety under Okawaru
  1270 | D:10     | Reached skill level 4 in Dodging
  1328 | D:9      | Reached skill level 5 in Dodging
  1343 | D:11     | Noticed a cyan ugly thing
  1362 | D:11     | Killed a cyan ugly thing
  1362 | D:11     | Reached skill level 6 in Dodging
  1378 | D:11     | Found Sesuipek's Magic Scroll Boutique.
  1381 | D:11     | Noticed a hill giant
  1386 | D:11     | Reached skill level 7 in Dodging
  1389 | D:11     | Noticed a hill giant
  1390 | D:11     | Noticed a troll
  1393 | D:11     | Killed a troll
  1401 | D:11     | Killed a hill giant
  1401 | D:11     | Reached skill level 8 in Dodging
  1401 | D:11     | Reached XP level 10. HP: 23/88 MP: 11/11
  1404 | D:11     | Killed a hill giant
  1404 | D:11     | Reached skill level 9 in Dodging
  1416 | D:11     | Bought a scroll of remove curse for 51 gold pieces
  1422 | D:11     | Reached ***** piety under Okawaru
  1489 | D:11     | Noticed Thraspic's ghost (journeyman DECj)
  1497 | D:11     | Killed by an exploding fulminant prism

Vault maps used:
D:1:      lordsloth_arrival_two_stooges
D:2:      minmay_fountain_box
D:3:      hangedman_decor_lopped, interstate_on_off, hangedman_glass_teeth,
          uniq_iyjb, uniq_sigmund, uniq_crazy_yiuf_cottage
D:4:      gammafunk_temple_overflow_elements, chequers_ossuary_entry_cave,
          serial_shops, shop, grunt_ministairs_2, uniq_eustachio
D:5:      overflow_temple_1_default, first_bread, uniq_edmund, uniq_duvessa
D:6:      amethyst_overflow_temple_binary, serial_shops, shop, fedhas_altar_1
D:7:      kennysheep_generic_room_8
D:8:      basic_altar, the_bakery, minmay_misc_feat_x
D:9:      lemuel_blue_sif_altar, hiddenorc2_lemuel, basic_altar
D:10:     serial_shops, nicolae_shop_trees, minmay_nine_imps
D:11:     dpeg_oklobed_lair, basic_altar, serial_shops, shop
Temple:   nicolae_temple_elliptical

Skill      XL: |  1  2  3  4  5  6  7  8  9 10 |
---------------+-------------------------------+-----
Long Blades    | 3 4 5 6 8 |  8.3
Fighting       | 5 8 |  8.2
Invocations    | 3 |  3.1
Shields        | 8 10 | 10.1
Dodging        | 8 9 |  9.7
Armour         | |  3.6

Action                   |  1- 3 |  4- 6 |  7- 9 | 10-12 || total
-------------------------+-------+-------+-------+-------++-------
Melee: Long sword        |    55 |    62 |   267 |    19 ||   403
       Headbutt          |     8 |     7 |    58 |     3 ||    76
Throw: Tomahawk          |       |       |     2 |       ||     2
Invok: Heroism           |       |     5 |    17 |     1 ||    23
  Use: Potion            |     1 |     2 |     3 |     2 ||     8
       Scroll            |       |     1 |     6 |     1 ||     8
  Eat: Chunk             |       |       |     1 |       ||     1
       Meat ration       |       |       |     1 |       ||     1
Armor: Scale mail        |    24 |       |       |       ||    24
       Plate armour      |     3 |    16 |    92 |    10 ||   121
       Skin              |       |     5 |       |       ||     5
Dodge: Dodged            |    18 |     9 |    47 |    12 ||    86
Block: Shield            |    24 |    24 |   127 |    15 ||   190

Table legend:
 A = Turns spent in this place as a percentage of turns spent in the entire game.
 B = Non-inter-level travel turns spent in this place as a percentage of non-inter-level travel turns spent in the entire game.
 C = Inter-level travel turns spent in this place as a percentage of turns spent in this place.
 D = Turns resting spent in this place as a percentage of non-inter-level travel turns spent in this place.
 E = Turns spent auto-exploring this place as a percentage of non-inter-level travel turns spent in this place.
 F = Non-inter-level travel turns spent in this place divided by the number of levels of this place that you've seen.
                   A       B       C       D       E      F
               +-------+-------+-------+-------+-------+----------------------
         Total | 100.0 | 100.0 |   0.0 |   0.1 |   0.0 | 139.5
       Dungeon |  98.4 |  98.4 |   0.0 |   0.1 |   0.0 | 149.8
        Temple |   1.6 |   1.6 |   0.0 |   0.0 |   0.0 |  26.0
               +-------+-------+-------+-------+-------+----------------------

Table legend:
 A = Kills in this place as a percentage of kills in entire the game.
 B = Kills by you in this place as a percentage of kills by you in the entire game.
 C = Kills by friends in this place as a percentage of kills by friends in the entire game.
 D = Other kills in this place as a percentage of other kills in the entire game.
 E = Experience gained in this place as a percentage of experience gained in the entire game.
 F = Experience gained in this place divided by the number of levels of this place that you have seen.
                   A       B       C       D       E      F
               +-------+-------+-------+-------+-------+----------------------
         Total | 100.0 | 100.0 |  -nan |  -nan | 100.0 | 610.8
       Dungeon |  98.3 |  98.3 |  -nan |  -nan |  99.9 | 665.9
        Temple |   1.7 |   1.7 |  -nan |  -nan |   0.1 |   5.0
               +-------+-------+-------+-------+-------+----------------------
